SAA
MYRTLE BEACH MERMEN @ DURHAM RAPIERS
09/15/2025
 
TOP OF THE 1ST
Myrtle Beach Mermen batting - Pitching for Durham Rapiers : RHP Lance de Valk
Pitching: RHP Lance de Valk
Batting: LHB Sergio Rodríguez 0-0: Ball
1-0: Ball
2-0: Fly out, F8 (Flyball, 8LM)
Batting: RHB Theodore York 0-0: Ball
1-0: Called Strike
1-1: Ball
2-1: Swinging Strike
2-2: Foul Ball, location: 2F
2-2: Ball
3-2: Fly out, F9 (Flyball, 9)
Batting: RHB Carlos Gómez 0-0: Ball
1-0: Ball
2-0: Foul Ball, location: 2F
2-1: SINGLE (Groundball, 56S) (infield hit)
Batting: RHB Ben Kennerly 0-0: Called Strike
0-1: Ball
1-1: Called Strike
1-2: Foul Ball, location: 2F
1-2: Strikes out looking
Top of the 1st over - 0 run(s), 1 hit(s), 0 error(s), 1 left on base; Myrtle Beach 0 - Durham 0
BOTTOM OF THE 1ST
Durham Rapiers batting - Pitching for Myrtle Beach Mermen : RHP Shuntavyious Primes-Willes
Pitching: RHP Shuntavyious Primes-Willes
Batting: RHB Sean Godron 0-0: Foul Ball, location: 2F
0-1: Ball
1-1: Foul Ball, location: 2F
1-2: Fly out, F9 (Flyball, 9)
Batting: RHB Miguel Canales 0-0: Swinging Strike
0-1: Ground out 5-3 (Groundball, 56S)
Batting: LHB Jesús Morales 0-0: Foul Ball, location: 2F
0-1: Swinging Strike
0-2: Foul Ball, location: 2F
0-2: Ball
1-2: Foul Ball, location: 2F
1-2: Ball
2-2: Ground out 6-3 (Groundball, 6)
Bottom of the 1st over - 0 run(s), 0 hit(s), 0 error(s), 0 left on base; Myrtle Beach 0 - Durham 0
TOP OF THE 2ND
Myrtle Beach Mermen batting - Pitching for Durham Rapiers : RHP Lance de Valk
Batting: LHB Roberto Veliz 0-0: Called Strike
0-1: Ball
1-1: Ball
2-1: Ball
3-1: SINGLE (Groundball, 4M) (infield hit)
Batting: RHB Sal Haynes 0-0: Called Strike
0-1: Ball
Roberto Veliz is caught stealing 2nd base
1-1: Ball
2-1: Foul Ball, location: 2F
2-2: Fly out, F4 (Line Drive, 4M)
Batting: RHB Javier Robles 0-0: Called Strike
0-1: Foul Ball, location: 2F
0-2: Foul Ball, location: 2F
0-2: Ball
1-2: SINGLE (Groundball, 56S) (infield hit)
Batting: RHB Maikel Cobblepot 0-0: Ball
1-0: Ground out 5-3 (Groundball, 56S)
Top of the 2nd over - 0 run(s), 2 hit(s), 0 error(s), 1 left on base; Myrtle Beach 0 - Durham 0
BOTTOM OF THE 2ND
Durham Rapiers batting - Pitching for Myrtle Beach Mermen : RHP Shuntavyious Primes-Willes
Batting: SHB Tae-shik Ch'oe 0-0: Ball
1-0: Ball
2-0: Ball
3-0: Called Strike
3-1: Foul Ball, location: 2F
3-2: Reached on error, E3 (Groundball, 23)
Batting: RHB Alberto Rodríguez 0-0: Foul Ball, location: 2F
0-1: Ball
1-1: Foul Ball, location: 2F
1-2: Ball
2-2: Fly out, F8 (Flyball, 8RM)
Batting: RHB Carlos Evangelho 0-0: Ball
1-0: Ground out U3 (Groundball, 34S)
Tae-shik Ch'oe to third
Batting: LHB Edgardo Díaz 0-0: Ground out 4-3 (Groundball, 34)
Bottom of the 2nd over - 0 run(s), 0 hit(s), 1 error(s), 1 left on base; Myrtle Beach 0 - Durham 0
TOP OF THE 3RD
Myrtle Beach Mermen batting - Pitching for Durham Rapiers : RHP Lance de Valk
Batting: SHB David Vázquez 0-0: Ball
1-0: Ball
2-0: Called Strike
2-1: Foul Ball, location: 2F
2-2: Foul Ball, location: 2F
2-2: SINGLE (Line Drive, 34D)
Batting: LHB Sergio Rodríguez 0-0: Foul Ball, location: 2F
0-1: Ball
1-1: Ball
2-1: Ball
3-1: Foul Ball, location: 2F
3-2: Base on Balls
David Vázquez to second
Batting: RHB Theodore York 0-0: Foul Ball, location: 2F
0-1: Ball
1-1: Ball
2-1: Called Strike
2-2: Fly out, F4 (Popup, 4D)
Batting: RHB Carlos Gómez 0-0: Called Strike
0-1: Ball
1-1: Swinging Strike
1-2: Ball
2-2: Ball
3-2: Strikes out swinging
Batting: RHB Ben Kennerly 0-0: Called Strike
0-1: Ball
1-1: Called Strike
1-2: Ball
2-2: Strikes out swinging
Top of the 3rd over - 0 run(s), 1 hit(s), 0 error(s), 2 left on base; Myrtle Beach 0 - Durham 0
BOTTOM OF THE 3RD
Durham Rapiers batting - Pitching for Myrtle Beach Mermen : RHP Shuntavyious Primes-Willes
Batting: SHB Anthony Hopkins 0-0: Ground out 1-3 (Groundball, 13)
Batting: RHB Santo Alba 0-0: Ball
1-0: Foul Ball, location: 2F
1-1: Ball
2-1: Ball
3-1: Swinging Strike
3-2: Foul Ball, location: 2F
3-2: Base on Balls
Batting: RHB Sean Godron 0-0: Swinging Strike
0-1: Fly out, F8 (Flyball, 8LM)
Batting: RHB Miguel Canales 0-0: Foul Ball, location: 2F
0-1: Ball
1-1: Called Strike
Santo Alba is caught stealing 2nd base
Bottom of the 3rd over - 0 run(s), 0 hit(s), 0 error(s), 0 left on base; Myrtle Beach 0 - Durham 0
TOP OF THE 4TH
Myrtle Beach Mermen batting - Pitching for Durham Rapiers : RHP Lance de Valk
Batting: LHB Roberto Veliz 0-0: Ball
1-0: SINGLE (Line Drive, 34)
Batting: RHB Sal Haynes 0-0: Swinging Strike
0-1: Foul Ball, location: 2F
0-2: Ball
1-2: Strikes out swinging
Batting: RHB Javier Robles 0-0: Called Strike
0-1: Ball
1-1: Swinging Strike
1-2: Ball
2-2: Fly out, F8 (Line Drive, 8RM)
Batting: RHB Maikel Cobblepot 0-0: Ball
1-0: Fly out, F8 (Flyball, 8LM)
Top of the 4th over - 0 run(s), 1 hit(s), 0 error(s), 1 left on base; Myrtle Beach 0 - Durham 0
BOTTOM OF THE 4TH
Durham Rapiers batting - Pitching for Myrtle Beach Mermen : RHP Shuntavyious Primes-Willes
Batting: RHB Miguel Canales 0-0: Ball
1-0: Called Strike
1-1: Ball
2-1: Ball
3-1: Base on Balls
Batting: LHB Jesús Morales 0-0: Ball
1-0: Called Strike
1-1: Ball
2-1: Foul Ball, location: 2F
2-2: Foul Ball, location: 2F
2-2: Strikes out swinging
Batting: SHB Tae-shik Ch'oe 0-0: Called Strike
0-1: Ball
1-1: Foul Ball, location: 2F
1-2: Strikes out swinging
Batting: RHB Alberto Rodríguez 0-0: Ball
1-0: Foul Ball, location: 2F
1-1: Fielders Choice at 2nd, 5-4 (Groundball, 5)
Bottom of the 4th over - 0 run(s), 0 hit(s), 0 error(s), 0 left on base; Myrtle Beach 0 - Durham 0
TOP OF THE 5TH
Myrtle Beach Mermen batting - Pitching for Durham Rapiers : RHP Lance de Valk
Batting: SHB David Vázquez 0-0: Ball
1-0: Swinging Strike
1-1: Fly out, F8 (Flyball, 8LM)
Batting: LHB Sergio Rodríguez 0-0: Foul Ball, location: 2F
0-1: DOUBLE (Flyball, 78M)
Batting: RHB Theodore York 0-0: Fly out, F8 (Flyball, 78S)
Batting: RHB Carlos Gómez 0-0: Ball
1-0: Ball
2-0: Ball
3-0: Called Strike
3-1: Called Strike
3-2: Ground out 6-3 (Groundball, 6)
Top of the 5th over - 0 run(s), 1 hit(s), 0 error(s), 1 left on base; Myrtle Beach 0 - Durham 0
BOTTOM OF THE 5TH
Durham Rapiers batting - Pitching for Myrtle Beach Mermen : RHP Shuntavyious Primes-Willes
Batting: RHB Carlos Evangelho 0-0: Foul Ball, location: 2F
0-1: Called Strike
0-2: Strikes out swinging
Batting: LHB Edgardo Díaz 0-0: Ball
1-0: Ball
2-0: Swinging Strike
2-1: SINGLE (Line Drive, 89S)
Batting: SHB Anthony Hopkins 0-0: Ball
1-0: Fly out, F3 (Line Drive, 34D)
Batting: RHB Santo Alba 0-0: Foul Ball, location: 2F
0-1: Foul Ball, location: 2F
0-2: Ball
1-2: Ground out U3 (Groundball, 3S)
Bottom of the 5th over - 0 run(s), 1 hit(s), 0 error(s), 1 left on base; Myrtle Beach 0 - Durham 0
TOP OF THE 6TH
Myrtle Beach Mermen batting - Pitching for Durham Rapiers : RHP Lance de Valk
Batting: RHB Ben Kennerly 0-0: Ball
1-0: Called Strike
1-1: Called Strike
1-2: Strikes out swinging
Batting: LHB Roberto Veliz 0-0: Ball
1-0: SINGLE (Groundball, 56D)
Batting: RHB Sal Haynes 0-0: Called Strike
0-1: Called Strike
0-2: Strikes out looking
Roberto Veliz steals 2nd base
Batter strikes out.
Batting: RHB Javier Robles 0-0: Ball
1-0: Ball
2-0: Ground out 6-3 (Groundball, 6)
Top of the 6th over - 0 run(s), 1 hit(s), 0 error(s), 1 left on base; Myrtle Beach 0 - Durham 0
BOTTOM OF THE 6TH
Durham Rapiers batting - Pitching for Myrtle Beach Mermen : RHP Shuntavyious Primes-Willes
Batting: RHB Sean Godron 0-0: Ground out 5-3 (Groundball, 56S)
Batting: RHB Miguel Canales 0-0: Ball
1-0: Called Strike
1-1: Called Strike
1-2: Foul Ball, location: 2F
1-2: Ground out 5-3 (Groundball, 56S)
Batting: LHB Jesús Morales 0-0: Foul Ball, location: 2F
0-1: Ball
1-1: Fly out, F9 (Flyball, 9)
Bottom of the 6th over - 0 run(s), 0 hit(s), 0 error(s), 0 left on base; Myrtle Beach 0 - Durham 0
TOP OF THE 7TH
Myrtle Beach Mermen batting - Pitching for Durham Rapiers : RHP Lance de Valk
Pinch Hitting: LHB Juan Villanueva 0-0: Ball
1-0: Called Strike
1-1: Called Strike
1-2: SINGLE (Groundball, 6MD)
Batting: SHB David Vázquez 0-0: Sac Bunt - play at first, batter OUT! 1-4
Juan Villanueva to second
Batting: LHB Sergio Rodríguez 0-0: Intentional Walk
Pinch Hitting: RHB Jorge Reyes 0-0: Called Strike
0-1: Called Strike
0-2: Ball
1-2: Strikes out swinging
Pitching: RHP Javier Hernández
Batting: RHB Carlos Gómez 0-0: Ball
1-0: SINGLE (Line Drive, 56D)
Juan Villanueva to third
Sergio Rodríguez to second
Runner from 3rd tries for Home, SAFE, no throw
Batting: RHB Ben Kennerly 0-0: Called Strike
0-1: Foul Ball, location: 2F
0-2: Foul Ball, location: 2F
0-2: Foul Ball, location: 2F
0-2: Ball
1-2: Ball
2-2: SINGLE (Line Drive, 78S)
Sergio Rodríguez to third
Carlos Gómez to second
Runner from 3rd tries for Home, SAFE, no throw
Batting: LHB Roberto Veliz 0-0: Ball
1-0: Foul Ball, location: 2F
1-1: Ball
2-1: Fly out, F7 (Flyball, 7D)
Top of the 7th over - 2 run(s), 3 hit(s), 0 error(s), 2 left on base; Myrtle Beach 2 - Durham 0
BOTTOM OF THE 7TH
Durham Rapiers batting - Pitching for Myrtle Beach Mermen : RHP Shuntavyious Primes-Willes
Now at 2B: Juan Villanueva
Now in RF: Jorge Reyes
Batting: SHB Tae-shik Ch'oe 0-0: Called Strike
0-1: Swinging Strike
0-2: Strikes out swinging
Batting: RHB Alberto Rodríguez 0-0: Ball
1-0: Ball
2-0: Ball
3-0: Called Strike
3-1: Base on Balls
Batting: RHB Carlos Evangelho Pickoff Throw to First - Error! E1
Alberto Rodríguez to second
0-0: Fly out, F7 (Flyball, 78S)
Batting: LHB Edgardo Díaz 0-0: Foul Ball, location: 2F
0-1: Ball
1-1: Ball
2-1: Ball
3-1: SINGLE (Line Drive, 4MD)
Alberto Rodríguez to third
Runner from 3rd tries for Home, SAFE, no throw
Pinch Hitting: LHB Mayer Röhricht 0-0: Ball
1-0: Ball
2-0: Foul Ball, location: 2F
2-1: Ball
3-1: Fly out, F7 (Flyball, 7LS)
Bottom of the 7th over - 1 run(s), 1 hit(s), 1 error(s), 1 left on base; Myrtle Beach 2 - Durham 1
TOP OF THE 8TH
Myrtle Beach Mermen batting - Pitching for Durham Rapiers : RHP Javier Hernández
Now at 3B: Jorge López
Batting: RHB Sal Haynes 0-0: Ground out 5-3 (Groundball, 56S)
Batting: RHB Javier Robles 0-0: Ground out 5-3 (Groundball, 56)
Batting: LHB Juan Villanueva 0-0: Called Strike
0-1: Foul Ball, location: 2F
0-2: Foul Ball, location: 2F
0-2: Foul Ball, location: 2F
0-2: Foul Ball, location: 2F
0-2: Strikes out looking
Top of the 8th over - 0 run(s), 0 hit(s), 0 error(s), 0 left on base; Myrtle Beach 2 - Durham 1
BOTTOM OF THE 8TH
Durham Rapiers batting - Pitching for Myrtle Beach Mermen : RHP Shuntavyious Primes-Willes
Batting: RHB Santo Alba 0-0: Ball
1-0: Swinging Strike
1-1: Foul Ball, location: 2F
1-2: Strikes out looking
Batting: RHB Sean Godron 0-0: Ball
1-0: Ball
2-0: Ball
3-0: Foul Ball, location: 2F
3-1: Swinging Strike
3-2: Strikes out swinging
Batting: RHB Miguel Canales 0-0: Ball
1-0: Called Strike
1-1: Fly out, F8 (Line Drive, 8LM)
Bottom of the 8th over - 0 run(s), 0 hit(s), 0 error(s), 0 left on base; Myrtle Beach 2 - Durham 1
TOP OF THE 9TH
Myrtle Beach Mermen batting - Pitching for Durham Rapiers : RHP Javier Hernández
Pitching: RHP José Morales
Batting: SHB David Vázquez 0-0: Ground out U3 (Groundball, 34)
Pitching: RHP Jim Unknown
Batting: LHB Sergio Rodríguez 0-0: Foul Ball, location: 2F
0-1: Ball
1-1: Foul Ball, location: 2F
1-2: Strikes out swinging
Batting: RHB Jorge Reyes 0-0: Called Strike
0-1: Foul Ball, location: 2F
0-2: Ball
1-2: Ball
2-2: Ball
3-2: Strikes out swinging
Top of the 9th over - 0 run(s), 0 hit(s), 0 error(s), 0 left on base; Myrtle Beach 2 - Durham 1
BOTTOM OF THE 9TH
Durham Rapiers batting - Pitching for Myrtle Beach Mermen : RHP Shuntavyious Primes-Willes
Pitching: LHP Francisco Gonsáles
Batting: LHB Jesús Morales 0-0: Fly out, F2 (Popup, 2R)
Batting: SHB Tae-shik Ch'oe 0-0: Swinging Strike
0-1: Ball
1-1: Ball
2-1: Swinging Strike
2-2: Ground out 4-3 (Groundball, 4M)
Batting: RHB Alberto Rodríguez 0-0: Swinging Strike
0-1: Ball
1-1: SINGLE (Line Drive, 56D)
Pinch Hitting: RHB Jules Winnfield 0-0: Called Strike
0-1: Ball
1-1: Ball
2-1: Ball
3-1: Foul Ball, location: 2F
3-2: Base on Balls
Alberto Rodríguez to second
Pinch Hitting: RHB António Díaz 0-0: Foul Ball, location: 2F
0-1: Foul Ball, location: 2F
0-2: SINGLE (Line Drive, 89S)
Alberto Rodríguez to third
Jules Winnfield to second
Runner from 3rd tries for Home, SAFE, no throw
Batting: RHB Jorge López 0-0: Called Strike
0-1: Foul Ball, location: 2F
0-2: Ball
1-2: Fly out, F8 (Flyball, 8LS)
Bottom of the 9th over - 1 run(s), 2 hit(s), 0 error(s), 2 left on base; Myrtle Beach 2 - Durham 2
TOP OF THE 10TH
Myrtle Beach Mermen batting - Pitching for Durham Rapiers : RHP Jim Unknown
Now at C: Luis Dávila
Now at 2B: Jules Winnfield
Batting: RHB Carlos Gómez 0-0: Called Strike
0-1: Swinging Strike
0-2: Ball
1-2: Strikes out swinging
Batting: RHB Ben Kennerly 0-0: Foul Ball, location: 2F
0-1: Ball
1-1: Swinging Strike
1-2: Strikes out swinging
Batting: LHB Roberto Veliz 0-0: Ball
1-0: Swinging Strike
1-1: Swinging Strike
1-2: Strikes out swinging
Top of the 10th over - 0 run(s), 0 hit(s), 0 error(s), 0 left on base; Myrtle Beach 2 - Durham 2
BOTTOM OF THE 10TH
Durham Rapiers batting - Pitching for Myrtle Beach Mermen : LHP Francisco Gonsáles
Pinch Hitting: RHB Víctor Hernández 0-0: Ball
1-0: Ball
2-0: Foul Ball, location: 2F
2-1: Ball
3-1: Foul Ball, location: 2F
3-2: Foul Ball, location: 2F
3-2: Strikes out looking
Batting: RHB Sean Godron 0-0: Foul Ball, location: 2F
0-1: Swinging Strike
0-2: Ground out 5-3 (Groundball, 56)
Batting: RHB Miguel Canales 0-0: Ball
1-0: Ball
2-0: Ball
3-0: Called Strike
3-1: Fly out, F7 (Flyball, 7S)
Bottom of the 10th over - 0 run(s), 0 hit(s), 0 error(s), 0 left on base; Myrtle Beach 2 - Durham 2
TOP OF THE 11TH
Myrtle Beach Mermen batting - Pitching for Durham Rapiers : RHP Jim Unknown
Now at 3B: Víctor Hernández
Batting: RHB Sal Haynes 0-0: Called Strike
0-1: Ground out 4-3 (Groundball, 4M)
Pitching: RHP Jim Unknown
Batting: RHB Javier Robles 0-0: Ball
1-0: Ball
2-0: Foul Ball, location: 2F
2-1: Called Strike
2-2: SINGLE (Line Drive, 89M)
Batting: LHB Juan Villanueva 0-0: Called Strike
Javier Robles is caught stealing 2nd base
0-1: Ball
1-1: Foul Ball, location: 2F
1-2: Ball
2-2: SINGLE (Line Drive, 56D)
Pinch Hitting: RHB Jim Unknown 0-0: Ball
Juan Villanueva is caught stealing 2nd base
Top of the 11th over - 0 run(s), 2 hit(s), 0 error(s), 0 left on base; Myrtle Beach 2 - Durham 2
BOTTOM OF THE 11TH
Durham Rapiers batting - Pitching for Myrtle Beach Mermen : LHP Francisco Gonsáles
Pitching: LHP Luis Vega
Now at C: Glenn Salazar
Batting: LHB Jesús Morales 0-0: Ball
1-0: Foul Ball, location: 2F
1-1: SINGLE (Line Drive, 9S)
Batting: SHB Tae-shik Ch'oe 0-0: Ball
1-0: Called Strike
1-1: Called Strike
1-2: Strikes out swinging
Batting: RHB Alberto Rodríguez 0-0: Ball
1-0: Swinging Strike
1-1: Ball
2-1: Ball
3-1: Base on Balls
Jesús Morales to second
Batting: RHB Jules Winnfield 0-0: Ball
1-0: Fielders Choice at 2nd, 4-6 (Groundball, 4)
Jesús Morales to third
Pinch Hitting: SHB Ray Dickey 0-0: SINGLE (Groundball, 56D)
Jesús Morales scores
Friday, December 30th, 2016 - OOTP Baseball 17.12 Build 75